 Dungeon Crawl Stone Soup version 0.17.1-3-g152610e (webtiles) character file.

1133 hannobal the Stinger (level 8, -6/64 HPs)
             Began as a Naga Venom Mage on Apr 18, 2016.
             Killed from afar by an orc wizard (8 damage)
             ... with a magic dart
             ... on level 5 of the Dungeon.
             The game lasted 00:22:07 (6934 turns).

hannobal the Stinger (Naga Venom Mage)              Turns: 6934, Time: 00:22:07

Health: -6/64      AC:  5    Str: 16    XL:     8   Next: 36%
Magic:  2/15       EV: 11    Int: 18    God:
Gold:   302        SH:  0    Dex: 11    Spells: 5 memorised, 2 levels left

rFire  . . .     SeeInvis +     a - +2 dagger (elec)
rCold  . . .     Clarity  .     h - +0 robe
rNeg   . . .     SustAt   .     (no shield)
rPois  +         Gourm    .     (no helmet)
rElec  .         Spirit   .     (no cloak)
rCorr  .         Warding  .     (no gloves)
rMut   .         Stasis   .     (no barding)
MR     +....                    (no amulet)
Stlth  +++.......               t - +2 ring of protection
                                f - ring of invisibility

@: mighty, lethally poisoned (-6 -> -7), very slow, somewhat resistant to
hostile enchantments, fairly stealthy
A: see invisible, deformed body, poison resistance, slowness 2, slow metabolism
1, spit poison 2, AC +2
a: Spit Poison, Evoke Invisibility


You were on level 5 of the Dungeon.
You were not hungry.

You visited 1 branch of the dungeon, and saw 5 of its levels.

You collected 302 gold pieces.

Inventory:

Hand Weapons
 a - a +2 dagger of electrocution (weapon)
 b - a +0 hunting sling
 D - a +1 whip of draining
 E - a +0 war axe
 H - a +0 great mace
 I - a +0 halberd
 J - a +0 shortbow
Missiles
 e - 16 bolts
 g - 214 stones (quivered)
 j - 95 arrows
 o - 37 sling bullets
 x - 6 exploding sling bullets
 A - 4 tomahawks
 B - 4 curare-tipped needles
Armour
 d - a +0 leather armour
 h - a +0 robe (worn)
 k - a +0 large shield
 n - a +0 robe
 p - a +0 ring mail
 F - a +0 chain mail
 K - a +0 scale mail
Jewellery
 f - a ring of invisibility (left hand)
 t - a +2 ring of protection (right hand)
Wands
 i - a wand of flame (37)
Scrolls
 m - 6 scrolls of identify
 s - a scroll of remove curse
 u - 2 scrolls of blinking
Potions
 G - a potion of flight
Books
 l - a Young Poisoner's Handbook

   Spells                             Type                      Level
   a - Sting                          Conjuration/Poison           1
   b - Cure Poison                    Poison                       2
   c - Mephitic Cloud                 Conjuration/Poison/Air       3
   d - Olgreb's Toxic Radiance        Poison                       4
   e - Venom Bolt                     Conjuration/Poison           5
Comestibles
 c - 3 bread rations
 q - a slice of pizza
 r - 2 beef jerkies
 v - 4 meat rations


   Skills:
 - Level 1.0 Fighting
 - Level 4.0 Dodging
 - Level 4.2 Stealth
 - Level 5.0 Spellcasting
 + Level 4.2 Conjurations
 - Level 2.0 Air Magic
 - Level 7.3 Poison Magic


You had 2 spell levels left.
You knew the following spells:

 Your Spells              Type           Power        Failure   Level  Hunger
b - Venom Bolt            Conj/Pois      ####......   34%         5    ######.
c - Cure Poison           Pois           ####......   1%          2    #......
o - Olgreb's Toxic Radia  Pois           ####....     8%          4    ####...
p - Mephitic Cloud        Conj/Pois/Air  ###.....     10%         3    ##.....
z - Sting                 Conj/Pois      ####         1%          1    None


Dungeon Overview and Level Annotations

Branches:
Dungeon (5/15)
 Temple: D:4-7

Altars:
Dithmenos
Fedhas
Gozag
Kikubaaqudgha
Makhleb
Nemelex Xobeh
Okawaru
Trog
Zin

Annotations:
D:5 Prince Ribbit


Innate Abilities, Weirdness & Mutations

You cannot wear boots.
Your serpentine skin is tough (AC +2).
You have supernaturally acute eyesight.
Armour fits poorly on your strangely shaped body.
Your system is resistant to poisons.
You cover ground very slowly.
You have a slow metabolism.
You can spit poison.


Message History

* * * LOW HITPOINT WARNING * * *
The jelly hits you but does no damage.
You feel sick.
The orc wizard hits you but does no damage.
The orc barely misses you.
Things that are here:
an uncursed shortbow; 4 arrows of frost; a centaur corpse The orc wizard closely misses you.
The orc wizard hits you with a dagger.
* * * LOW HITPOINT WARNING * * *
Your surroundings seem slightly different.
* * * LOW HITPOINT WARNING * * *
You feel sick.
A kobold comes into view. It is wielding a club.
Read which item? (? for menu, Esc to quit)
Okay, then.
Drink which item? (? for menu, Esc to quit)
You feel very mighty all of a sudden. The orc wizard casts a spell at you.
The magic dart hits you!
You die...

...
###################K'#
≈≈≈≈≈≈≈≈≈≈≈≈≈≈≈≈≈≈≈....
≈≈≈≈≈≈≈≈≈≈≈≈≈≈≈≈≈≈≈....
≈≈≈≈≈≈≈≈≈≈≈≈≈≈≈≈≈≈.....
≈≈..≈.≈≈.≈...≈≈≈≈≈.....
.........o.............
........oo.............
.....oo.o..o..@########
###..#J#.###.##
#..#o#.# #.
#####)..J#.# ..
#.[.)..).#.#.##
#.#.#).(.#...
#.#.##.#.### #.#.####.#
#.#.# #.#


You could see a jelly, an orc wizard, 4 orcs and a kobold (wandering).

Vanquished Creatures
  Sigmund (D:2)
  3 ogres
  A centaur (D:5)
  An orc priest (D:5)
  A hound (D:3)
  A centaur skeleton (D:5)
  2 iguanas (D:5)
  3 orc wizards
  3 worker ants
  A hound zombie (D:5)
  2 gnolls (D:2)
  4 river rats (D:2)
  14 adders
  A shadow imp (D:5)
  2 oozes (D:2)
  2 adder skeletons (D:4)
  5 worms
  4 giant geckos
  13 orcs
  10 goblins
  12 hobgoblins
  6 jackals
  4 kobolds
  3 quokkas
  A ball python (D:4)
  5 bats
  6 giant cockroaches
  8 giant newts
  14 rats
133 creatures vanquished.

Notes
Turn   | Place    | Note
--------------------------------------------------------------
     0 | D:1      | hannobal the Naga Venom Mage began the quest for the Orb.
     0 | D:1      | Reached XP level 1. HP: 15/15 MP: 3/3
   182 | D:1      | Reached skill level 1 in Conjurations
   394 | D:1      | Reached XP level 2. HP: 22/22 MP: 1/5
   793 | D:1      | Found a sparkling altar of Nemelex Xobeh.
  1262 | D:1      | Reached XP level 3. HP: 28/28 MP: 4/6
  1710 | D:2      | Reached XP level 4. HP: 36/36 MP: 3/8
  1712 | D:2      | Noticed Sigmund
  1723 | D:2      | Killed Sigmund
  1723 | D:2      | Reached XP level 5. HP: 14/42 MP: 7/12
  1932 | D:2      | Reached XP level 6. HP: 43/49 MP: 0/13
  2080 | D:2      | Learned a level 3 spell: Mephitic Cloud
  2085 | D:2      | Learned a level 4 spell: Olgreb's Toxic Radiance
  2091 | D:2      | Learned a level 5 spell: Venom Bolt
  2551 | D:2      | Reached skill level 1 in Air Magic
  3873 | D:2      | Reached skill level 5 in Spellcasting
  4081 | D:3      | Found a burning altar of Makhleb.
  4088 | D:3      | Reached XP level 7. HP: 55/55 MP: 6/14
  4265 | D:3      | Reached skill level 6 in Poison Magic
  4291 | D:3      | Learned a level 2 spell: Cure Poison
  4644 | D:3      | Found an opulent altar of Gozag.
  4644 | D:3      | Found a glowing silver altar of Zin.
  4644 | D:3      | Found a blossoming altar of Fedhas.
  4644 | D:3      | Found a shadowy altar of Dithmenos.
  4650 | D:3      | Found a bloodstained altar of Trog.
  4650 | D:3      | Found an ancient bone altar of Kikubaaqudgha.
  4982 | D:4      | Reached skill level 7 in Poison Magic
  5312 | D:4      | Reached skill level 1 in Fighting
  5388 | D:4      | Found an iron altar of Okawaru.
  5864 | D:5      | Entered Level 5 of the Dungeon
  6218 | D:5      | Reached XP level 8. HP: 62/64 MP: 15/15
  6241 | D:5      | Noticed Prince Ribbit
  6930 | D:5      | HP: 3/64 [poisoned by you (toxic radiance)]
  6934 | D:5      | Killed from afar by an orc wizard

Action                   |  1- 3 |  4- 6 |  7- 9 || total
-------------------------+-------+-------+-------++-------
Melee: Unarmed           |     4 |       |       ||     4
       Club              |     5 |       |       ||     5
       Mace              |     3 |     1 |       ||     4
       Dagger            |       |       |    35 ||    35
 Fire: Hunting sling     |     1 |       |       ||     1
Throw: Stone             |     4 |       |     3 ||     7
 Cast: Sting             |    59 |   168 |   110 ||   337
       Mephitic Cloud    |       |     1 |     7 ||     8
       Olgreb's Toxic Ra |       |       |    12 ||    12
       Cure Poison       |       |       |     1 ||     1
 Abil: Spit Poison       |     2 |     3 |       ||     5
  Use: Scroll            |     2 |     2 |     4 ||     8
       Potion            |     3 |     3 |     2 ||     8
 Stab: Sleeping          |       |       |     2 ||     2
  Eat: Chunk             |     2 |     6 |    10 ||    18
